Baba-Jaga, lawful female dwarven Valkyrie ##########################################---------- #--------------------------------# #.........| #######.................%.............|# |........| # #|.------|--------------..-----.|0########.>.......| ### #|.|..%.|..|...|....|..-..-.((|.| |........| ------ # #|.|....|..|.. |... |..|..|.(.|.| |........| |....|### #|.---|----|.. ||------|..|.(.|.| ---.------ |..*..###########|......|..|.. |.|..|%!|.-----|..###### # |.<..| |.----.|..||---.|..|%.|.|...=|.| # % ------ |.|..|.-|--..{..--||..|.|.._.|.| ### # |.|..-..*....c@.G.G--|-.-..(.|.| # # |.|---|---.----|--......|....|..## ### ### |.|..|...|.|..|..|---|-------|.| # # # |.|..|(((|.-..|..|....|#.|...|.| ### ### -.------- |.|..|(((|.---|..|....|..|...-.| # # |)......| |.-|------..{.----------|-----.| ##########%)......| |..............................| |.......| -------------------------------- --------- Baba-Jaga the Fighter Experience level: 9 Strength: 18 Dexterity: 15 Constitution: 19 Intelligence: 8 Wisdom: 12 Charisma: 7 Health: 79(93) Energy: 10(10) AC: -3 Gold: 2265 Moves: 8636 Your Inventory: Coins $ - 2265 gold pieces Weapons a - the blessed rustproof +1 Excalibur (weapon in hand) b - 2 uncursed +0 daggers f - a [blessed +0] elven dagger named Sting [Sting] S - an [uncursed +0] elven dagger [of warning] V - an [uncursed +0] elven dagger (in quiver) Y - a [blessed] rustproof [+1] katana of stealth (alternate weapon; not wielded) Armor c - an uncursed +3 small shield (being worn) g - an [uncursed] +0 elven mithril-coat (being worn) s - an uncursed [+0] mummy wrapping T - an uncursed +0 elven leather helm (being worn) Comestibles j - an [uncursed] cream pie u - 3 [uncursed] food rations R - an [uncursed] black unicorn corpse Scrolls l - 2 uncursed scrolls labeled ASHPD named Earth [of earth] z - an uncursed scroll labeled EIRIS SAZUN IDISI named 19 Light? [of light] C - an uncursed scroll of create monster Potions d - a blessed amber potion [of gain energy] p - an uncursed fizzy potion named 75 [of speed] w - an uncursed pink potion named 57 [of monster detection] x - an uncursed ruby potion named 19 [of booze] A - an uncursed golden potion named 38 [of healing] D - an uncursed milky potion named 19 [of sickness] E - an uncursed sparkling potion named 38 [of confusion] K - an uncursed potion of see invisible N - a blessed clear potion [of holy water] W - a blessed ruby potion [of booze] Rings e - an uncursed ring of cold resistance named 75$ q - a blessed +1 ring of gain dexterity Wands H - an uncursed wand of light (0:12) O - an uncursed wand of lightning [0:4] P - an [uncursed] wand of digging [0:4] Tools h - an uncursed [+0] unicorn horn i - an uncursed sack k - an uncursed key [skeleton key] v - an uncursed looking glass [mirror] I - an uncursed sack L - an uncursed blindfold U - an [uncursed +0] unicorn horn Gems Q - an [uncursed] green gem [worthless glass] Z - an [uncursed] green gem [aquamarine] Contents of the sack: an [uncursed] slime mold 3 uncursed unlabeled scrolls [of blank paper] a [cursed] unlabeled scroll [of blank paper] a [blessed] unlabeled scroll [of blank paper] 2 blessed clear potions [of holy water] a cursed clear potion [of unholy water] a cursed white potion [of object detection] an uncursed wand of speed monster [0:3] an [uncursed +0] unicorn horn 2 uncursed green gems [jade] an uncursed yellowish brown gem [topaz] Contents of the sack: an uncursed amber ring [of free action] an uncursed clay ring [of protection from shape changers] an uncursed jet ring [of fire resistance] an uncursed obsidian ring [of warning] an uncursed shiny ring [of invisibility] an uncursed shiny ring [of invisibility] an uncursed silver ring [of levitation] an uncursed black wand [of enlightenment (0:11)] an uncursed bronze wand [of secret door detection (0:11)] an uncursed grooved wand [of undead turning (0:5)] an uncursed jeweled wand [of cold (0:7)] an uncursed mahogany wand [of fire (0:8)] an uncursed wand of digging [0:8] an uncursed wand of light [0:12] an uncursed wand of speed monster [0:7] Spells known in the end: Name Level Category Fail Memory Your skills at the end: Fighting Skills body armor [Basic / Skilled] shield [Skilled / Expert] Weapon Skills dagger [Basic / Expert] long sword [Skilled / Expert] Spellcasting Skills Final Attributes: You were piously aligned. Hunger level was 475. Your alignment was 53 / 53. Monster difficulty range was 1 - 8. Level difficulty was 7. You were immune to cold. You resisted sleep. You resisted poison. You were immune to level-drain. You were telepathic. You had automatic searching. You had infravision. You were stealthy. Your luck was zero. You are dead. Vanquished creatures: 2 giant mimics 2 small mimics a large cat a giant beetle a cockatrice 2 wolves 2 winter wolf cubs 2 gremlins a leprechaun a giant spider a horse a black light a gnome king 4 Green-elves a dingo a jaguar 2 gray unicorns a black unicorn a dust vortex a snake 4 human zombies a soldier ant a snow ant 3 bugbears a quasit a wood nymph a water nymph 3 orc shamans 2 rock piercers 2 rock moles 4 ponies 2 fog clouds 2 shriekers a violet fungus 2 gnome lords a gnomish wizard a kobold mummy a red naga hatchling a black naga hatchling 2 guardian naga hatchlings an elf zombie 2 straw golems 2 paper golems 3 giant ants 4 little dogs 4 floating eyes 2 kittens a dwarf 5 rothes a rabid rat 3 centipedes a giant bat 6 monkeys 5 orc zombies 9 dwarf zombies a wererat a werejackal 4 iguanas 9 killer bees 3 acid blobs a gas spore 2 hobbits 2 manes a large kobold a hobgoblin 3 giant rats a brown mold 2 yellow molds a green mold 2 red molds 5 gnomes 10 garter snakes 2 gnome zombies 3 geckos 5 jackals 3 foxes a kobold a goblin 7 sewer rats 5 grid bugs 3 bats 4 lichens 5 kobold zombies 7 newts 209 creatures vanquished. Voluntary challenges: You used a wielded weapon 238 times. You read items or engraved 8 times. You put on armor 7 times. You never genocided any monsters. You never polymorphed an object. You never changed form. You used no wishes. You wrote Elbereth's name 1 time. You never encountered a bones level. You used 1 Sokoban shortcut. Dungeon overview: The Dungeons of Doom: levels 1 to 9 Level 1 a long staircase Level 2 a general store, a fountain, a sink Level 3 (Kruesus mahsan) some fountains Level 4 a general store, a sink stairs to The Gnomish Mines Level 6 some fountains Level 7 stairs to Sokoban Level 8 a sink stairs to Town The Gnomish Mines: levels 5 to 7 Level 5 stairs to The Dungeons of Doom Level 7 <- You were here some shops, a temple to Tyr, a magic chest, some fountains, a sink Sokoban: levels 4 to 6 Level 6 a magic chest stairs to The Dungeons of Doom Town: Level 7 stairs to The Dungeons of Doom History has recorded: On T:1 you entered the Dungeons of Doom to retrieve the Amulet of Yendor! On T:416 you reached level 2 of The Dungeons of Doom. On T:768 you advanced to experience level 2. On T:939 you advanced to experience level 3. On T:978 you reached level 3 of The Dungeons of Doom. On T:1444 you advanced to experience level 4. On T:1521 you reached level 4 of The Dungeons of Doom. On T:1866 you advanced to experience level 5. On T:1872 you reached level 1 of The Gnomish Mines. On T:2292 you advanced to experience level 6. On T:2357 you reached level 5 of The Dungeons of Doom. On T:2860 you reached level 6 of The Dungeons of Doom. On T:3041 you advanced to experience level 7. On T:3304 you reached level 7 of The Dungeons of Doom. On T:3421 you reached level 3 of Sokoban. On T:3564 you reached level 8 of The Dungeons of Doom. On T:3772 you reached level 9 of The Dungeons of Doom. On T:3800 you reached level 3 of Town. On T:4020 you advanced to experience level 8. On T:4436 you reached level 2 of The Gnomish Mines. On T:5030 you reached level 3 of The Gnomish Mines. On T:5482 you received a rustproof katana of stealth from Tyr. On T:5742 you advanced to experience level 9. On T:6248 you reached level 2 of Sokoban. On T:6887 you reached level 1 of Sokoban. Latest messages: [3 turns] You miss the cockatrice. The cockatrice misses. The cockatrice just misses! [2 turns] You hit the cockatrice! The cockatrice bites! The cockatrice touches you! You hear the cockatrice's hissing! You are slowing down. Your limbs are stiffening. [HP-1=81] [3 turns] Nothing happens. The cockatrice bites! The cockatrice misses. Your limbs have turned to stone. You have turned to stone. The cockatrice bites! The cockatrice touches you! You hear the cockatrice's hissing! You are a statue. Final status: Farvel Baba-Jaga the Valkyrie... You turned to stone in The Gnomish Mines on dungeon level 7 with 3879 points, and 2265 pieces of gold, after 8636 moves. You were level 9 with a maximum of 93 hit points when you turned to stone.